 Dungeon Crawl Stone Soup version 0.23.1 (webtiles) character file.

Game seed: 15425450263077317981

65 misha the Poker (level 4, 0/37 HPs)
             Began as a Merfolk Berserker on Mar 3, 2019.
             Was a Believer of Trog.
             Slain by a hobgoblin
             ... wielding a +0 club
             ... led by Robin
              (2 damage)
             ... on level 2 of the Dungeon.
             The game lasted 00:03:05 (1361 turns).

misha the Poker (Merfolk Berserker)                 Turns: 1361, Time: 00:03:06

Health: 0/37       AC:  2    Str: 18    XL:     4   Next: 14%
Magic:  4/4        EV: 13    Int:  6    God:    Trog [**....]
Gold:   84         SH:  0    Dex: 13    Spells: 3/3 levels left

rFire    . . .     SeeInvis .   a - +0 spear
rCold    . . .     Gourm    .   (no shield)
rNeg     . . .     Faith    .   b - +0 animal skin
rPois    .         Spirit   .   (no helmet)
rElec    .         Reflect  .   (no cloak)
rCorr    .         Harm     .   (no gloves)
MR       .....                  (no boots)
Stlth    +.........             d - amulet of inaccuracy (curse)
HPRegen  0.12/turn              (no ring)
MPRegen  0.09/turn              (no ring)

@: berserk cooldown, slowed, very slow
A: change form in water, swift swim, stealthy swim
a: Berserk, Trog's Hand, Renounce Religion


You were on level 2 of the Dungeon.
You worshipped Trog.
Trog was pleased with you.
You were near starving.

You visited 1 branch of the dungeon, and saw 2 of its levels.

You collected 84 gold pieces.

Inventory:

Hand Weapons
 a - a +0 spear (weapon)
Missiles
 m - 2 tomahawks (quivered)
 n - 74 stones
Armour
 b - a +0 animal skin (worn)
Jewellery
 d - a cursed amulet of inaccuracy (around neck)
 o - an uncursed amulet of the gourmand {unknown}
 p - an uncursed amulet of the gourmand {unknown}
 q - an uncursed ring of positive energy
Scrolls
 e - 3 scrolls of identify
 f - 2 scrolls of teleportation {unknown}
 h - a scroll of fear {unknown}
 i - a scroll of fog {unknown}
 k - 3 scrolls of enchant armour {unknown}
 r - a scroll of remove curse {unknown}
Potions
 g - a potion of haste
 j - a potion of ambrosia
 l - a potion of might
Comestibles
 c - 2 rations


   Skills:
 + Level 4.2 Fighting
 + Level 5.9 Polearms
 - Level 1.4 Armour
 - Level 3.0 Dodging
 - Level 0.1 Stealth


You had 3 spell levels left.
You didn't know any spells.
Your spell library was empty.

Dungeon Overview and Level Annotations

Branches:
Dungeon (2/15)

Altars:


Message History

You miss the goblin. The goblin barely misses you.
The goblin closely misses you.
You hit the goblin.
You kill the goblin!
Trog accepts your kill.
You hit the hobgoblin but do no damage. The hobgoblin hits you with a +0 club.
* * * LOW HITPOINT WARNING * * *
You closely miss the hobgoblin.
The hobgoblin hits you but does no damage.
The hobgoblin hits you with a +0 club.
* * * LOW HITPOINT WARNING * * *
You barely miss the hobgoblin. The hobgoblin barely misses you.
You hit the hobgoblin.
The hobgoblin is lightly wounded.
The hobgoblin hits you with a +0 club.
* * * LOW HITPOINT WARNING * * *
You miss the hobgoblin.
The hobgoblin is lightly wounded.
The hobgoblin hits you with a +0 club.
You die...

###### #....##### #....#...
..###......# .........#
..###.....#### #.. #.#####
.......(....(#####
#..##......#
....g#..###..)g@.#
#..#........
.....#.####.####.#
........... . .......>.#
#.####..........
...#####.####................
..... #.....#...##.†........
..... #.....#...##..........
....# #.........###........#
#.........##†.........
###.....###.............


You could see a hobgoblin.

Vanquished Creatures
  An adder (D:2)
  An ooze (D:2)
  A leopard gecko (D:1)
  2 ball pythons
  2 giant cockroaches (D:2)
  6 goblins
  9 hobgoblins
  7 kobolds
  A quokka (D:2)
  9 bats
  3 frilled lizards (D:1)
  5 rats
47 creatures vanquished.

Notes
Turn   | Place    | Note
-------+----------+-------------------------------------------
     0 | D:1      | misha the Merfolk Berserker began the quest for the Orb.
     0 | D:1      | Reached XP level 1. HP: 18/18 MP: 1/1
    87 | D:1      | Reached XP level 2. HP: 17/24 MP: 2/2
   200 | D:1      | Reached skill level 5 in Polearms
   516 | D:1      | Reached XP level 3. HP: 28/29 MP: 3/3
   945 | D:2      | Reached ** piety under Trog
  1329 | D:2      | Reached XP level 4. HP: 24/37 MP: 4/4
  1361 | D:2      | Slain by a hobgoblin

Skill      XL: |  1  2  3 |
---------------+----------+-----
Polearms       | 5 |  5.9
Dodging        | 3 |  3.0
Fighting       | 4 |  4.2
Armour         | |  1.4
Stealth        | |  0.1

Action                   |  1- 3 |  4- 6 || total
-------------------------+-------+-------++-------
Melee: Spear             |   178 |    28 ||   206
Invok: Berserk           |     1 |       ||     1
  Use: Scroll            |     3 |       ||     3
 Stab: Sleeping          |     2 |       ||     2
  Eat: Chunk             |     1 |       ||     1
Armor: Animal skin       |    34 |     2 ||    36
Dodge: Dodged            |   117 |    12 ||   129
